AoeStats
← ELPURE

Arabia

506041279Analyzed
1v1 RM · 20d ago on Sep 12, 2026· 30m 30s· 2 players
Game mode
Random Map
Map size
Tiny (2 player)
Population
200
Speed
Normal
Resources
Standard
Victory
Conquest
Starting age
Dark Age
Ending age
Imperial Age
RankedLock teamsTeams togetherTeam positionsShared explorationLock speedFull tech treeHidden civsTurbo modeCheats
Victory
Defeat
🇨🇳 Tatars · China
2247
+4
🇺🇸 Poles · United States
1921
-4
ELPURE
7:03 Loom
9:19 Feudal Age
9:31 Man-at-Arms
12:47 Double-Bit Axe
19:29 Castle Age
17:50 Fletching
17:50 Horse Collar
18:59 Padded Archer Armor
20:23 Bodkin Arrow
19:49 Elite Skirmisher
21:25 Leather Archer Armor
猪咪
6:33 Loom
9:10 Feudal Age
9:42 Double-Bit Axe
19:36 Castle Age
17:52 Horse Collar
18:15 Fletching
18:46 Gold Mining
19:27 Bloodlines
20:21 Bodkin Arrow
30:57 Bow Saw
Connection lost

Rejoining the realm…

Still unreachable

The connection could not be restored.

Session expired

The server has moved on; the page needs a fresh start.